 Dungeon Crawl Stone Soup version 0.27-a0-1090-gb115f176c6 (webtiles) character file.

Game seed: 8947303294701323282

504 Azzok the Shield-Bearer (level 7, 0/57 HPs)
             Began as a Ghoul Fighter on Apr 28, 2021.
             Slain by Blork the orc
             ... wielding a +0 war axe
              (6 damage)
             ... on level 4 of the Dungeon.
             The game lasted 00:05:59 (4107 turns).

Azzok the Shield-Bearer (Ghoul Fighter)             Turns: 4107, Time: 00:06:00

Health: 0/57       AC: 13    Str: 22    XL:     7   Next: 17%
Magic:  6/6        EV:  6    Int:  3    God:
Gold:   208        SH:  9    Dex:  8    Spells: 6/6 levels left

rFire    . . .     SeeInvis .   a - +0 war axe
rCold    + . .     Faith    .   c - +0 kite shield
rNeg     + + +     Spirit   .   t - +0 chain mail
rPois    ∞         Reflect  .   (no helmet)
rElec    .         Harm     .   (no cloak)
rCorr    .         Rampage  .   (no gloves)
Will     .....                  (no boots)
Stlth    ..........             (no amulet)
HPRegen  0.00/turn              q - +4 ring of protection
MPRegen  0.10/turn              (no ring)

@: lit by a corona, glowing
A: claws 1, cold resistance 1, negative energy resistance 3, inhibited
regeneration, torment resistance 2, unbreathing 1
a: no special abilities


You were on level 4 of the Dungeon.
You visited 1 branch of the dungeon, and saw 5 of its levels.
You also visited: Sewer.

You collected 208 gold pieces.

Inventory:

Hand Weapons
 a - a +0 war axe (weapon)
Armour
 c - a +0 kite shield (worn)
 t - a +0 chain mail (worn)
Jewellery
 q - a +4 ring of protection (left claw)
 s - a ring of flight
Wands
 b - a wand of iceblast (13)
Scrolls
 g - a scroll of enchant weapon {unknown}
 j - a scroll of fog {unknown}
 k - 2 scrolls of enchant armour {unknown}
 n - a scroll of acquirement {unknown}
 o - 5 scrolls of teleportation {unknown}
 p - a scroll of vulnerability {unknown}
 r - a scroll of magic mapping {unknown}
Potions
 d - a potion of magic
 f - a potion of resistance
 h - a potion of curing
 i - a potion of brilliance {unknown}
 m - 2 potions of heal wounds


   Skills:
 - Level 3.2 Fighting
 + Level 4.2 Axes
 + Level 4.6 Armour
 + Level 4.7 Shields


You had 6 spell levels left.
You didn't know any spells.
Your spell library contained the following spells:

 Spells                   Type           Power      Damage    Failure   Level
 Magic Dart               Conj           0%         1d3       100%        1
 Searing Ray              Conj           0%         3d3       100%        2
 Dazzling Flash           Conj/Hex       0%         N/A       100%        3
 Fulminant Prism          Conj/Hex       0%         3d6       100%        4
 Iskenderun's Mystic Bla  Conj/Tloc      0%         2d3       100%        4


Dungeon Overview and Level Annotations

Branches:
Dungeon (5/15)              Sewer (visited)
 Temple: D:4-7

Altars:

Annotations:
D:4 Blork the orc
D:5 Dowan, Duvessa


Innate Abilities, Weirdness & Mutations

You thrive by killing the living.
You are immune to poison.
You have sharp fingernails.
Your flesh is cold resistant. (rC+)
You are immune to negative energy. (rN+++)
You do not regenerate when monsters are visible.
You are immune to unholy pain and torment.
You can survive without breathing.


Message History

Blork the orc hits you with a +0 war axe.
You closely miss Blork the orc.
Blork the orc is severely wounded.
Blork the orc hits you with a +0 war axe.
Blork the orc zaps a wand.
The puff of flame hits you!
Blork the orc zaps a wand.
The puff of flame hits you.
The now-empty wand crumbles to dust.
Your chain mail prevents you from hitting Blork the orc.
Blork the orc is severely wounded.
Blork the orc hits you with a +0 war axe.
Blork the orc completely misses you.
You hit Blork the orc.
Blork the orc is almost dead.
Blork the orc hits you with a +0 war axe.
* * * LOW HITPOINT WARNING * * *
Blork the orc miscasts a cantrip.
You barely miss Blork the orc.
Blork the orc is almost dead.
Blork the orc hits you with a +0 war axe!
* * * LOW HITPOINT WARNING * * *
Blork the orc looks braver for a moment.
You barely miss Blork the orc.
Blork the orc is almost dead.
You block Blork the orc's attack.
Blork the orc screams, "I'll decorate my home with your organs!"
Blork the orc barely misses you.
You barely miss Blork the orc.
Blork the orc is almost dead.
You block Blork the orc's attack. Blork the orc completely misses you.
Blork the orc casts a spell at you. You block the puff of frost.
You hit Blork the orc.
Blork the orc is almost dead.
You block Blork the orc's attack.
Blork the orc hits you but does no damage.
Your shield and chain mail prevent you from hitting Blork the orc.
Blork the orc is almost dead.
You block Blork the orc's attack.
Blork the orc hits you with a +0 war axe.
You die...

▒·▒▒▒▒▒▒··▒▒▒▒▒▒····▒▒▒····( ▒▒
▒·▒▒······▒ ▒▒▒▒·····▒▒▒▒ ·▒
▒·▒···▒▒··▒ ▒▒▒▒▒·▒ ▒ ·▒
▒····▒▒▒·▒▒ ▒·▒▒
·▒▒▒▒▒···▒▒▒▒·▒▒▒ ▒▒▒▒▒▒▒▒▒▒··▒▒▒
·········▒▒·····▒▒▒··············
··▒··············▒▒▒··▒▒▒▒▒▒▒▒▒·▒
···············[··▒▒▒··▒ ▒··
·▒)·············@<▒ ▒▒(▒▒▒ ▒▒▒
▒▒·············o··▒▒▒▒···▒▒▒▒▒▒▒
▒················▒··))··▒·····▒▒
▒······························▒
▒▒·······························
··▒······························
▒·▒▒·····▒▒·····▒················
▒············▒▒··················
··▒·········)···▒················


You could see Blork the orc (fast).

Vanquished Creatures
  2 bullfrogs (Sewer)
  A centaur zombie (D:3)
  2 hounds (D:4)
  A bullfrog skeleton (D:4)
  Ijyb (D:4)
  2 orc wizards (D:4)
  7 adders
  A worm (D:3)
  4 dart slugs
  2 orcs (D:4)
  19 ball pythons
  5 bats
  20 endoplasms
  12 giant cockroaches
  10 goblins
  5 hobgoblins
  3 jackals (D:1)
  12 quokkas
  7 frilled lizards
  5 kobolds
  5 rats
126 creatures vanquished.

Notes
Turn   | Place    | Note
-------+----------+-------------------------------------------
     0 | D:1      | Azzok the Ghoul Fighter began the quest for the Orb.
     0 | D:1      | Reached XP level 1. HP: 19/19 MP: 0/0
    52 | D:1      | Found a faded altar of an unknown god.
   145 | D:1      | Reached XP level 2. HP: 23/26 MP: 1/1
   371 | D:1      | Reached XP level 3. HP: 31/31 MP: 2/2
  1283 | D:2      | Reached XP level 4. HP: 37/38 MP: 3/3
  1726 | D:3      | Reached XP level 5. HP: 16/45 MP: 4/4
  1992 | D:3      | Found a glowing drain.
  2001 | Sewer    | Entered a sewer
  2482 | Sewer    | Reached XP level 6. HP: 31/51 MP: 5/5
  3430 | D:4      | HP: 2/51 [something (2)]
  3753 | D:4      | Reached XP level 7. HP: 48/57 MP: 6/6
  4078 | D:5      | Entered Level 5 of the Dungeon
  4078 | D:5      | Noticed Ijyb
  4078 | D:5      | Noticed Blork the orc
  4082 | D:4      | Killed Ijyb
  4087 | D:5      | Noticed Dowan
  4089 | D:5      | Noticed Duvessa
  4107 | D:4      | Slain by Blork the orc

Illustrated notes

Levels and vault maps discovered:
D:1:      eino_arrival_cavern_a, layout_basic,
          hellmonk_ecumenical_altar_arch_garden, hangedman_decor_growths
D:2:      layout_basic
D:3:      layout_basic, portal_sewer_entry_b, minmay_between
D:4:      layout_rooms, minivault_26
D:5:      layout_cave_pools, grunt_tough_drop, uniq_ijyb, uniq_blork_the_orc,
          uniq_duvessa

Skill      XL: |  1  2  3  4  5  6 |
---------------+-------------------+-----
Axes           | 2 3 4 |  4.2
Armour         | 3 4 |  4.6
Shields        | 3 4 |  4.7
Fighting       | |  3.2

Action                   |  1- 3 |  4- 6 |  7- 9 || total
-------------------------+-------+-------+-------++-------
Melee: War axe           |   115 |   307 |    40 ||   462
  Use: Potion            |       |     1 |       ||     1
       Scroll            |       |       |     5 ||     5
Armor: Scale mail        |    87 |   174 |    17 ||   278
       Chain mail        |       |       |     5 ||     5
Dodge: Dodged            |    62 |   104 |    10 ||   176
Block: Kite shield       |    71 |   187 |    25 ||   283

Table legend: (Time is in decaauts)
 A = Elapsed time spent in this place.
 B = Non-inter-level travel time spent in this place.
 C = Inter-level travel time spent in this place.
 D = Time resting spent in this place.
 E = Time spent auto-exploring this place.
 F = Levels seen in this place.
 G = Mean time per level.
                   A        B        C        D        E       F      G
               +--------+--------+--------+--------+--------+-----+--------+
         Total |   4440 |   4351 |     89 |    117 |   2665 |   6 |  740.0 |
       Dungeon |   3800 |   3711 |     89 |      2 |   2542 |   5 |  760.0 |
         Sewer |    640 |    640 |      0 |    115 |    123 |   1 |  640.0 |
               +--------+--------+--------+--------+--------+-----+--------+

Top non-repeatable levels by time:
     D:4: 1153 daAuts
     D:1: 1099 daAuts
     D:3: 974 daAuts
   Sewer: 640 daAuts
     D:2: 565 daAuts
     D:5: 7 daAuts
